 Dungeon Crawl Stone Soup version 0.32-a0-975-g85d4e5bfdb (webtiles) character file.

Game seed: 18300208821249015933

53 funkygono the Firebug (level 3, 0/19 HPs)
             Began as a Gargoyle Fire Elementalist on Apr 18, 2024.
             Killed from afar by Sigmund (3 damage)
             ... with a puff of flame
             ... on level 3 of the Dungeon.
             The game lasted 00:02:56 (2318 turns).

funkygono the Firebug (Gargoyle Fire Elementalist)  Turns: 2318, Time: 00:02:56

Health: 0/19       AC:  6    Str: 11    XL:     3   Next: 89%
Magic:  3/6        EV: 11    Int: 17    God:
Gold:   84         SH:  0    Dex: 10    Spells: 4/7 levels left

rFire   . . .        d - +3 demon blade (freeze)
rCold   . . .        (no shield)
rNeg    + . .        a - +0 robe
rPois   ∞            (no helmet)
rElec   +            (no cloak)
rCorr   .            h - +0 pair of gloves
SInv    .            (no boots)
Will    .....        (no amulet)
Stlth   +            (no ring)
HPRegen 0.23/turn    (no ring)
MPRegen 0.10/turn

%: no passive effects
@: confused
A: sickness immunity, AC +3, negative energy resistance 1, electricity
resistance, torment resistance 1, petrification resistance
a: no special abilities


You were on level 3 of the Dungeon.
You visited 1 branch of the dungeon, and saw 3 of its levels.

You collected 84 gold pieces.

Inventory:

Hand Weapons
 d - a +3 demon blade of freezing (weapon)
 e - a +0 whip
Armour
 a - a +0 robe (worn)
 h - a +0 pair of gloves (worn)
Scrolls
 c - 2 scrolls of identify
 g - 2 scrolls of teleportation
Potions
 b - a potion of magic


   Skills:
 + Level 1.6 Dodging
 + Level 2.7 Stealth
 + Level 2.5 Spellcasting
 + Level 1.8 Conjurations
 + Level 3.7 Fire Magic


You had 4 spell levels left.
You knew the following spells:

 Your Spells              Type           Power      Damage    Failure   Level
a - Foxfire               Conj/Fire      44%        2x1d6     6%          1
b - Scorch                Fire           28%        2d6       6%          2

Your spell library contained the following spells:

 Spells                   Type           Power      Damage    Failure   Level
 Summon Small Mammal      Summ           8%         N/A       19%         1
 Inner Flame              Hex/Fire       8%         N/A       26%         3
 Volatile Blastmotes      Fire/Tloc      16%        2d11      26%         3
 Call Canine Familiar     Summ           2%         N/A       50%         3
 Flame Wave               Conj/Fire      11%        2d6       50%         4
 Summon Blazeheart Golem  Fire/Summ      8%         N/A       63%         4


Dungeon Overview and Level Annotations

Branches:
Dungeon (3/15)

Altars:

Annotations:
D:3 Sigmund


Innate Abilities, Weirdness & Mutations

You are immune to sickness and miasma.
Your stone body is resilient. (AC +3)
You are immune to poison.
You resist negative energy. (rN+)
You are resistant to electric shocks. (rElec)
You are resistant to unholy torment.
You are immune to petrification.


Message History

Sorry, you're not good enough to have a special ability.
Casting: Foxfire (safe; 6% risk of failure)
Confirm with . or Enter, or press ? or * to list all spells.
You don't have enough magic to cast this spell.
Unknown command.
The foxfire hits something. x2
You hear some strange, mumbled words.
You are confused.
You are more confused.
A magic dart appears from out of thin air!
The magic dart hits you.
A puff of flame appears from out of thin air!
The puff of flame hits you.
You're too confused to move!
You bump into the rock wall.
Unknown command.
You bump into the rock wall.
You hear some strange, mumbled words.
You are more confused.
Something hits you.
You're too confused to move!
You bump into the rock wall.
Something hits you.
* * * LOW HITPOINT WARNING * * *
You're too confused to move!
Something hits you but does no damage. Something hits you.
* * * LOW HITPOINT WARNING * * *
Something hits you but does no damage.
There are no items here.
You hear some strange, mumbled words.
You are more confused.
You hear some strange, mumbled words.
You are more confused.
Something completely misses you. Something hits you.
* * * LOW HITPOINT WARNING * * *
You hear some strange, mumbled words.
A puff of flame appears from out of thin air!
The puff of flame hits you.
You die...

#......# #.....##
#.....# #.....#
###.### # ##.#
####.##..##
........{.#
####....@.#######
#.......<....#
#.....<#####..
#......# #......#
#......# #......#
########


There were no monsters in sight!

Vanquished Creatures
  An adder (D:2)
  A ribbon worm (D:2)
  4 endoplasms
  2 giant cockroaches
  6 goblins
  2 hobgoblins (D:2)
  4 jackals (D:2)
  A quokka (D:2)
  2 ball pythons
  4 bats
  2 frilled lizards
  5 kobolds (D:1)
  5 rats
39 creatures vanquished.

Vanquished Creatures (others)
  89 foxfires
89 creatures vanquished.

Grand Total: 128 creatures vanquished

Notes
Turn   | Place    | Note
-------+----------+-------------------------------------------
     0 | D:1      | funkygono the Gargoyle Fire Elementalist began the quest
                  | for the Orb.
     0 | D:1      | Reached XP level 1. HP: 10/10 MP: 3/3
   579 | D:1      | Reached XP level 2. HP: 15/15 MP: 3/5
   586 | D:1      | Learned a level 2 spell: Scorch
  1145 | D:2      | Reached XP level 3. HP: 19/19 MP: 3/6
  2264 | D:3      | Noticed Sigmund
  2318 | D:3      | Killed from afar by Sigmund

Illustrated notes

Levels and vault maps discovered:
D:1:      dpeg_arrival_tiny_a, layout_loops_corners, nrook_loot_triangle
D:2:      layout_loops_ring, kennysheep_generic_room_2
D:3:      cheibrodos_helix_gallery, layout_rooms, lemuel_tele_altar,
          serial_shops, nicolae_shop_scrapyard,
          hellmonk_ecumenical_altar_arch_garden, uniq_jessica, uniq_sigmund,
          uniq_ijyb

Action                     || total
---------------------------++-------
  Melee: Demon blade       ||     1
   Cast: Foxfire           ||    55
         Scorch            ||     8
    Use: Scroll            ||     2
 Armour: Robe              ||    11
  Dodge: Dodged            ||     3

Table legend: (Time is in decaauts)
 A = Elapsed time spent in this place.
 B = Non-inter-level travel time spent in this place.
 C = Inter-level travel time spent in this place.
 D = Time resting spent in this place.
 E = Time spent auto-exploring this place.
 F = Levels seen in this place.
 G = Mean time per level.
                   A        B        C        D        E       F      G
               +--------+--------+--------+--------+--------+-----+--------+
         Total |   2317 |   2234 |     83 |     15 |   1918 |   3 |  772.3 |
       Dungeon |   2317 |   2234 |     83 |     15 |   1918 |   3 |  772.3 |
               +--------+--------+--------+--------+--------+-----+--------+

Top non-repeatable levels by time:
     D:2: 1150 daAuts
     D:1: 1094 daAuts
     D:3: 72 daAuts
